 Dungeon Crawl Stone Soup version 0.21.1-1-g345015f (webtiles) character file.

1212 theblackcape the Magician (level 8, -2/64 HPs)
             Began as a Gnoll Wanderer on June 14, 2018.
             Was a Believer of Cheibriados.
             Slain by an orc warrior
             ... wielding a +0 war axe
              (8 damage)
             ... on level 6 of the Dungeon.
             The game lasted 00:26:53 (6928 turns).

theblackcape the Magician (Gnoll Wanderer)          Turns: 6928, Time: 00:26:54

Health: -2/64      AC:  7    Str: 19      XL:     8   Next: 46%
Magic:  17/17      EV: 13    Int: 19      God:    Cheibriados [**....]
Gold:   125        SH:  6    Dex: 19 (20) Spells: 19/19 levels left

rFire    . . .     SeeInvis .   a - +2 short sword
rCold    . . .     Gourm    .   u - +0 buckler
rNeg     + . .     Faith    .   C - +1 ring mail {rN+}
rPois    .         Spirit   .   (no helmet)
rElec    .         Reflect  .   (no cloak)
rCorr    .         Harm     .   o - +0 pair of gloves
MR       .....                  (no boots)
Stlth    ++........             (no amulet)
HPRegen  0.20/turn              (no ring)
MPRegen  0.15/turn              (no ring)

@: very slow
A: distributed training, fangs 1, strong nose
a: Bend Time, Renounce Religion


You were on level 6 of the Dungeon.
You worshipped Cheibriados.
Cheibriados was pleased with you.
You were hungry.

You visited 2 branches of the dungeon, and saw 8 of its levels.

You collected 221 gold pieces.
You spent 96 gold pieces at shops.

Inventory:

Hand Weapons
 a - a +2 short sword (weapon)
 d - a +0 blowgun
 k - a +0 hunting sling
 A - a +0 dagger
Missiles
 c - 25 poisoned needles
 r - 131 stones
 y - 8 steel javelins (quivered)
 F - 5 needles of sleeping
Armour
 e - a +0 robe
 o - a +0 pair of gloves (worn)
 u - a +0 buckler (worn)
 C - a +1 ring mail of positive energy (worn)
 D - a +0 shield
Magical Staves
 G - an uncursed staff of air
Wands
 E - a wand of scattershot (3)
Scrolls
 g - 3 scrolls of remove curse
 j - a scroll of identify
 l - 2 scrolls of noise {unknown}
 m - 2 scrolls of enchant weapon {unknown}
 n - a scroll of blinking {unknown}
 p - a scroll of immolation {unknown}
 s - a scroll of enchant armour {unknown}
 v - a scroll of amnesia
 x - a scroll of fog {unknown}
 H - a scroll of magic mapping {unknown}
Potions
 h - 2 potions of might
 i - 2 potions of curing
 q - 2 potions of lignification
 t - a potion of mutation
 w - a potion of invisibility
 z - 2 potions of flight
 B - a potion of heal wounds
Comestibles
 b - 6 chunks of flesh
 f - 13 rations


   Skills:
 + Level 5.6 Fighting
 + Level 5.6 Short Blades
 + Level 3.2 Long Blades
 + Level 3.2 Axes
 + Level 3.2 Maces & Flails
 + Level 3.2 Polearms
 + Level 3.2 Staves
 + Level 3.2 Slings
 + Level 3.2 Bows
 + Level 3.2 Crossbows
 + Level 4.2 Throwing
 + Level 3.2 Armour
 + Level 3.2 Dodging
 + Level 4.0 Stealth
 + Level 4.2 Shields
 + Level 3.2 Unarmed Combat
 + Level 6.0 Spellcasting
 + Level 2.6 Conjurations
 + Level 2.6 Hexes
 + Level 2.6 Charms
 + Level 2.6 Summonings
 + Level 2.6 Necromancy
 + Level 2.6 Translocations
 + Level 2.6 Transmutations
 + Level 2.6 Fire Magic
 + Level 2.6 Ice Magic
 + Level 3.4 Air Magic
 + Level 2.6 Earth Magic
 + Level 2.6 Poison Magic
 + Level 3.5 Invocations
 + Level 3.2 Evocations


You had 19 spell levels left.
You didn't know any spells.

Dungeon Overview and Level Annotations

Branches:
Dungeon (7/15)             Temple (1/1) D:6

Altars:
Ashenzari
Cheibriados
Dithmenos
Elyvilon
Fedhas
Gozag
Hepliaklqana
Kikubaaqudgha
Makhleb
Nemelex Xobeh
Okawaru
Qazlal
Ru
Sif Muna
Trog
Uskayaw
Vehumet
Xom
Yredelemnul
Zin
The Shining One

Shops:
D:4 *   D:6 %


Innate Abilities, Weirdness & Mutations

Your experience applies equally to all skills.
You have very sharp teeth.
Your uncanny sense of smell can sniff out nearby items.


Message History

The orc warrior hits you with a war axe.
* * * LOW HITPOINT WARNING * * *
You feel much better.
You are feeling hungry.
The orc hits you with a falchion.
The orc zaps a wand.
The bolt of acid hits the orc.
The orc is splashed with acid.
The orc dies!
The bolt of acid hits you!
* * * LOW HITPOINT WARNING * * *
You are splashed with acid!
The acid burns!
* * * LOW HITPOINT WARNING * * *
The orc warrior barely misses you.
Aiming: Scattershot
Press: ? - help, Shift-Dir - straight line, f - orc wizard
Aim: an orc wizard, wielding a dagger and wearing a robe The burst of metal fragments hits the orc wizard. x2
You kill the orc wizard!
Cheibriados appreciates the change of pace.
The orc warrior hits you with a war axe!
You die...

##.##.# #..#
##.##.# #..# ##.
#.#### #..#
...##....### #..#
. #...##...# #..##
.##.#####''###.o)#
.#....##....##.#)#
.....##......##o.#
...#.#..≈≈.≈..#.@#
...#.'..≈.8...'..#
...#.'...8.≈..'..#
...###..≈.≈≈..#..#
.....##......##..#
#..#####....####.#
#..# ##''## #.#
...# #..# #.#
...######.## #.#


You could see an orc warrior and an orc.

Vanquished Creatures
  Grinder (D:6)
  The ghost of RottenKnight the Chiller, an amateur DrIE of Qazlal (D:4)
  Duvessa (D:5)
  A black bear (D:6)
  A sky beast (D:6)
  2 ogres
  Dowan (D:5)
  A wyvern skeleton (D:6)
  A centaur zombie (D:6)
  The ghost of RedSatellite the Gusty, a weakling TeAE (D:3)
  A quasit (D:6)
  A worker ant (D:4)
  An orc wizard (D:6)
  10 adders
  2 oozes
  An adder skeleton (D:4)
  An adder zombie (D:6)
  2 worms
  4 dart slugs
  A leopard gecko (D:2)
  2 orcs
  3 bats
  6 giant cockroaches
  7 goblins
  7 hobgoblins
  10 jackals
  2 quokkas
  A ball python (D:2)
  A ball python skeleton (D:4)
  3 frilled lizards
  6 kobolds
  9 rats
92 creatures vanquished.

Vanquished Creatures (others)
  An adder (D:3)
  An orc (D:6)
2 creatures vanquished.

Grand Total: 94 creatures vanquished

Notes
Turn   | Place    | Note
-------+----------+-------------------------------------------
     0 | D:1      | theblackcape the Gnoll Wanderer began the quest for the Orb.
     0 | D:1      | theblackcape set off with: a +2 short sword, a scroll of teleportation, 13 poisoned needles, a +0 blowgun, a +0 robe, a ration
     0 | D:1      | Reached XP level 1. HP: 20/20 MP: 6/6
   549 | D:2      | Reached XP level 2. HP: 26/26 MP: 7/7
   818 | D:2      | Reached XP level 3. HP: 18/31 MP: 9/9
   827 | D:2      | Reached skill level 5 in Spellcasting
  1355 | D:2      | Reached skill level 1 in Invocations
  1633 | D:2      | Reached skill level 1 in Long Blades
  1633 | D:2      | Reached skill level 1 in Axes
  1633 | D:2      | Reached skill level 1 in Maces & Flails
  1633 | D:2      | Reached skill level 1 in Polearms
  1633 | D:2      | Reached skill level 1 in Staves
  1633 | D:2      | Reached skill level 1 in Slings
  1633 | D:2      | Reached skill level 1 in Bows
  1633 | D:2      | Reached skill level 1 in Crossbows
  1633 | D:2      | Reached skill level 1 in Armour
  1633 | D:2      | Reached skill level 1 in Dodging
  1633 | D:2      | Reached skill level 1 in Unarmed Combat
  1633 | D:2      | Reached skill level 1 in Evocations
  1633 | D:2      | Reached XP level 4. HP: 9/38 MP: 11/11
  2102 | D:3      | Noticed RedSatellite's ghost (weakling TeAE)
  3003 | D:3      | Found a snail-covered altar of Cheibriados.
  3023 | D:3      | Became a worshipper of Cheibriados the Contemplative
  3068 | D:3      | Reached skill level 1 in Conjurations
  3068 | D:3      | Reached skill level 1 in Hexes
  3068 | D:3      | Reached skill level 1 in Charms
  3068 | D:3      | Reached skill level 1 in Summonings
  3068 | D:3      | Reached skill level 1 in Necromancy
  3068 | D:3      | Reached skill level 1 in Translocations
  3068 | D:3      | Reached skill level 1 in Transmutations
  3068 | D:3      | Reached skill level 1 in Fire Magic
  3068 | D:3      | Reached skill level 1 in Ice Magic
  3068 | D:3      | Reached skill level 1 in Earth Magic
  3068 | D:3      | Reached skill level 1 in Poison Magic
  3194 | D:3      | Killed RedSatellite's ghost
  3194 | D:3      | Reached XP level 5. HP: 16/43 MP: 12/12
  4036 | D:4      | Found Nedum's Assorted Antiques.
  4049 | D:4      | Bought a glowing wooden wand for 96 gold pieces
  4147 | D:5      | Entered Level 5 of the Dungeon
  4220 | D:4      | Noticed RottenKnight's ghost (amateur DrIE)
  4242 | D:4      | Killed RottenKnight's ghost
  4242 | D:4      | Reached skill level 5 in Fighting
  4242 | D:4      | Reached skill level 5 in Short Blades
  4242 | D:4      | Reached XP level 6. HP: 9/51 MP: 14/14
  4798 | D:5      | Reached * piety under Cheibriados
  4832 | D:5      | Found a stormy altar of Qazlal.
  4969 | D:6      | Found a staircase to the Ecumenical Temple.
  4997 | Temple   | Entered the Ecumenical Temple
  5379 | D:5      | Noticed Duvessa
  5379 | D:5      | Noticed Dowan
  5397 | D:5      | Killed Duvessa
  5397 | D:5      | Reached XP level 7. HP: 44/56 MP: 15/15
  5416 | D:5      | Killed Dowan
  5837 | D:5      | Found a glowing silver altar of Zin.
  5838 | D:5      | Found a sparkling altar of Nemelex Xobeh.
  5839 | D:5      | Found a shattered altar of Ashenzari.
  5840 | D:5      | Found an ancient bone altar of Kikubaaqudgha.
  5840 | D:5      | Found a hide-covered altar of Uskayaw.
  5841 | D:5      | Found a white marble altar of Elyvilon.
  5992 | D:5      | Found a blossoming altar of Fedhas.
  6180 | D:6      | Noticed Grinder
  6212 | D:6      | Killed Grinder
  6426 | D:6      | Reached XP level 8. HP: 56/63 MP: 16/16
  6447 | D:6      | Found a basalt altar of Yredelemnul.
  6506 | D:6      | Found Luphuenk's Food Boutique.
  6799 | D:6      | Reached ** piety under Cheibriados
  6845 | D:6      | Reached skill level 6 in Spellcasting
  6928 | D:6      | Slain by an orc warrior

Skill      XL: |  1  2  3  4  5  6  7  8 |
---------------+-------------------------+-----
Air Magic      | 2 3 |  3.4
Spellcasting   | 5 6 |  6.0
Invocations    | 1 2 3 |  3.5
Long Blades    | 1 2 3 |  3.2
Axes           | 1 2 3 |  3.2
Maces & Flails | 1 2 3 |  3.2
Polearms       | 1 2 3 |  3.2
Staves         | 1 2 3 |  3.2
Slings         | 1 2 3 |  3.2
Bows           | 1 2 3 |  3.2
Crossbows      | 1 2 3 |  3.2
Armour         | 1 2 3 |  3.2
Dodging        | 1 2 3 |  3.2
Unarmed Combat | 1 2 3 |  3.2
Evocations     | 1 2 3 |  3.2
Conjurations   | 1 2 |  2.6
Hexes          | 1 2 |  2.6
Charms         | 1 2 |  2.6
Summonings     | 1 2 |  2.6
Necromancy     | 1 2 |  2.6
Translocations | 1 2 |  2.6
Transmutations | 1 2 |  2.6
Fire Magic     | 1 2 |  2.6
Ice Magic      | 1 2 |  2.6
Earth Magic    | 1 2 |  2.6
Poison Magic   | 1 2 |  2.6
Throwing       | 3 4 |  4.2
Shields        | 3 4 |  4.2
Fighting       | 5 |  5.6
Short Blades   | 5 |  5.6
Stealth        | 3 4 |  4.0

Action                   |  1- 3 |  4- 6 |  7- 9 || total
-------------------------+-------+-------+-------++-------
Melee: Short sword       |    77 |   214 |   134 ||   425
       Bite              |     4 |    27 |    19 ||    50
 Fire: Blowgun           |       |       |     2 ||     2
Throw: Javelin           |       |     4 |       ||     4
Invok: Bend Time         |       |       |     1 ||     1
Evoke: Wand              |       |     3 |     2 ||     5
  Use: Scroll            |     2 |     9 |     3 ||    14
       Potion            |       |     3 |     1 ||     4
 Stab: Sleeping          |     2 |     9 |     1 ||    12
       Distracted        |       |     1 |       ||     1
  Eat: Chunk             |     2 |    12 |     2 ||    16
Armor: Robe              |    16 |     4 |       ||    20
       Ring mail         |       |    35 |    33 ||    68
Dodge: Dodged            |    36 |    86 |    70 ||   192
Block: Buckler           |       |    31 |    38 ||    69
